 Dungeon Crawl Stone Soup version 0.22-a0-159-g7ce444f (webtiles) character file.

25 zero the Sneak (level 2, -1/13 HPs)
             Began as a Spriggan Enchanter on Feb 9, 2018.
             Slain by a frilled lizard (2 damage)
             ... on level 2 of the Dungeon.
             The game lasted 00:02:37 (1448 turns).

zero the Sneak (Spriggan Enchanter)                 Turns: 1448, Time: 00:02:38

Health: -1/13      AC:  2    Str:  1 (4)  XL:     2   Next: 86%
Magic:  11/15      EV: 18    Int: 14 (16) God:
Gold:   102        SH:  0    Dex: 13 (16) Spells: 3/6 levels left

rFire    + . .     SeeInvis +   o - +1 dagger (freeze)
rCold    + . .     Gourm    .   (shield restricted)
rNeg     . . .     Faith    .   j - +0 robe {rC+ rF+}
rPois    .         Spirit   .   (helmet restricted)
rElec    .         Reflect  .   (no cloak)
rCorr    .         Harm     .   (gloves unavailable)
MR       .....                  (boots unavailable)
Stlth    +++.......             (no amulet)
HPRegen  0.04/turn              n - ring of magical power
MPRegen  0.14/turn              (no ring)

@: lethally poisoned (-1 -> -9), hasted, very quick
A: very small, unfitting armour, see invisible, herbivore, speed 3, slow
metabolism 2
a: no special abilities


You were on level 2 of the Dungeon.
You were not hungry.

You visited 1 branch of the dungeon, and saw 2 of its levels.

You collected 102 gold pieces.

Inventory:

Hand Weapons
 o - a +1 dagger of freezing (weapon)
Armour
 a - a +2 robe of positive energy
 j - a +0 robe of resistance (worn)
Jewellery
 n - a ring of magical power (left hand)
Scrolls
 b - a scroll of amnesia {unknown}
 e - a scroll of random uselessness {unknown}
 f - 2 scrolls of remove curse {unknown}
 g - a scroll of identify {unknown}
 i - a scroll of enchant weapon {unknown}
 l - 2 scrolls of blinking {unknown}
 p - a scroll of teleportation {unknown}
Potions
 m - a potion of haste
Books
 c - a book of Maledictions

   Spells                             Type                      Level
   a - Corona                         Hexes                        1
   b - Ensorcelled Hibernation        Hexes/Ice                    2
   c - Confuse                        Hexes                        3
   d - Tukima's Dance                 Hexes                        3
   e - Dazzling Spray                 Conjuration/Hexes            3
Comestibles
 d - 3 rations


   Skills:
 + Level 2.3 Short Blades
 - Level 3.0 Dodging
 + Level 5.4 Stealth
 - Level 2.6 Spellcasting
 - Level 3.6 Hexes


You had 3 spell levels left.
You knew the following spells:

 Your Spells              Type           Power        Failure   Level  Hunger
a - Corona                Hex            ##.....      4%          1    #......
b - Ensorcelled Hibernat  Hex/Ice        #.....       16%         2    ###....


Dungeon Overview and Level Annotations

Branches:
Dungeon (2/15)

Altars:


Innate Abilities, Weirdness & Mutations

You are very small and have problems with some larger weapons.
You are too small for most types of armour.
You have supernaturally acute eyesight. (SInv)
You are a herbivore.
You cover ground extremely quickly.
You need consume almost no food.


Message History

Aiming: Ensorcelled Hibernation (safe; 14% risk of failure)
Press: ? - help, Shift-Dir - straight line, f/p - adder
Aim: an adder (chance to defeat MR: 48%)
The adder resists with some effort.
You feel sick. The adder barely misses you. The frilled lizard bites you.
* * * LOW HITPOINT WARNING * * *
The adder misses you.
It was a potion of haste.
You feel yourself speed up. The frilled lizard barely misses you.
The adder misses you.
It was a potion of curing.
You feel better. The frilled lizard closely misses you. The adder bites you.
* * * LOW HITPOINT WARNING * * *
You are lethally poisoned!
The adder poisons you!
It was a potion of degeneration.
There was something very wrong with that liquid.
You feel weakened.
You feel dopey.
You feel clumsy.
* * * LOW HITPOINT WARNING * * *
You feel sick. The frilled lizard bites you.
You die...

... #.# ### #.# #.. #.#
#.# ##+# #.# #.# ##...#
##.##### #.# ##%....##
#......# #.# #.....l.##
#..###.# #.#
......S@.####...##.###..
.>.......'..............
.........####....#.#####
#.......## #..#.#.#
##.....## #.##.#.#
##...# #......# ##+#
####.### #.# #.#


You could see an adder and a frilled lizard.

Vanquished Creatures
  2 giant cockroaches
  9 goblins (D:1)
  A hobgoblin (D:1)
  3 bats (D:1)
  2 frilled lizards (D:1)
  3 kobolds (D:1)
  5 rats (D:1)
25 creatures vanquished.

Notes
Turn   | Place    | Note
-------+----------+-------------------------------------------
     0 | D:1      | zero the Spriggan Enchanter began the quest for the Orb.
     0 | D:1      | Reached XP level 1. HP: 9/9 MP: 5/5
   338 | D:1      | Reached XP level 2. HP: 7/13 MP: 6/6
   342 | D:1      | Learned a level 2 spell: Ensorcelled Hibernation
   506 | D:1      | Reached skill level 5 in Stealth
  1448 | D:2      | Slain by a frilled lizard

Vault maps used:
D:1:      lightli_arrival_flooded_house
D:2:      kennysheep_the_goblin_king

Skill      XL: |  1  2 |
---------------+-------+-----
Stealth        | 5 |  5.4
Short Blades   | 2 |  2.3
Dodging        | |  3.0
Spellcasting   | |  2.6
Hexes          | |  3.6

Action                   || total
-------------------------++-------
Melee: Dagger            ||    99
 Cast: Ensorcelled Hiber ||     3
  Use: Potion            ||     3
 Stab: Sleeping          ||     7
Armor: Robe              ||     9
Dodge: Dodged            ||    96

Table legend:
 A = Spawn XP
 B = Non-spawn XP
 C = Spawn XP percentage of total XP
 D = Spawn monster count
 E = Non-spawn monster count
 F = Spawn count percentage of total count
 G = Total turns spent on level
                    A         B        C        D         E        F      G
               +---------+---------+-------+---------+---------+-------+---------
         Total |       0 |      37 |   0.0 |       0 |      25 |   0.0 |  1448
               +---------+---------+-------+---------+---------+-------+---------
           D:1 |       0 |      35 |   0.0 |       0 |      24 |   0.0 |  1377
           D:2 |       0 |       2 |   0.0 |       0 |       1 |   0.0 |    71
               +---------+---------+-------+---------+---------+-------+---------
